 Dungeon Crawl Stone Soup version 0.17-a0-2101-g0c122e7 (webtiles) character file.

13041 brucemayne the Severer (level 12, -1/156 HPs)
             Began as a Hill Orc Berserker on Oct 18, 2015.
             Was a High Priest of Trog.
             Slain by an orc knight
             ... wielding a +0 great sword
              (17 damage)
             ... on level 4 of the Orcish Mines.
             The game lasted 00:22:03 (4101 turns).

brucemayne the Severer (Hill Orc Berserker)         Turns: 4101, Time: 00:22:04

Health: -1/156     AC: 18    Str: 27    XL:     12   Next: 1%
Magic:  12/12      EV:  7    Int: 10    God:    Trog [*****.]
Gold:   1051       SH:  0    Dex: 10    Spells: 0 memorised, 11 levels left

rFire  . . .     SeeInvis +     Q - +2 war axe (venom)
rCold  + . .     Clarity  .     u - +0 plate armour
rNeg   . . .     SustAt   .     (no shield)
rPois  .         Gourm    .     (no helmet)
rElec  .         Spirit   .     j - +1 cloak
rCorr  .         Warding  .     (no gloves)
rMut   .         Stasis   .     A - +0 pair of boots
MR     ++...                    (no amulet)
Stlth  ..........               l - ring of see invisible
                                e - ring of protection from cold

@: berserking, regenerating, drained, very quick, very resistant to hostile
enchantments, extremely unstealthy
A: thin metallic scales 1
a: Burn Spellbooks, Berserk, Trog's Hand, Brothers in Arms, Renounce Religion


You were on level 4 of the Orcish Mines.
You worshipped Trog.
Trog was extremely pleased with you.
You were not hungry.

You visited 2 branches of the dungeon, and saw 17 of its levels.
You also visited: Volcano.

You collected 1051 gold pieces.

Inventory:

Hand Weapons
 a - a +0 hand axe
 n - the +8 hand axe "Rumiw" {flame, rElec Str+2 Stlth+}
   (You found it on level 4 of the Dungeon)

   It has been specially enchanted to burn those struck by it, causing extra
   injury to most foes and up to half again as much damage against particularly
   susceptible opponents.
   Big, fiery blades are also staple armaments of hydra-hunters.
   It affects your strength (+2).
   It insulates you from electricity.
   It makes you more stealthy.
 r - a +0 club
 z - a +5 war axe of flaming
 B - the +7 trident of Corporal Punishment {freeze, rPois Str+2 Int-4 SInv, unknown}
   (You found it on level 9 of the Dungeon)

   It has been specially enchanted to freeze those struck by it, causing extra
   injury to most foes and up to half again as much damage against particularly
   susceptible opponents.
   It can also slow down cold-blooded creatures.
   It affects your strength (+2).
   It affects your intelligence (-4).
   It protects you from poison.
   It lets you see invisible.
 E - a +1 hunting sling of flaming
 Q - a +2 war axe of venom (weapon)
Missiles
 d - 21 tomahawks (quivered)
 q - 6 javelins of returning
 w - 5 poisoned tomahawks
 y - 22 poisoned needles
Armour
 j - a +1 cloak (worn)
 u - a +0 plate armour (worn)
 A - a +0 pair of boots (worn)
 I - a +1 buckler of reflection
Jewellery
 e - a ring of protection from cold (left hand)
 l - a ring of see invisible (right hand)
 J - an uncursed ring of flight
Wands
 g - a wand of hasting (4)
 v - a wand of lightning (15)
 K - a wand of flame (15)
 P - a wand of flame (22)
Scrolls
 o - a scroll of remove curse
 x - a scroll of fear {unknown}
 C - a scroll of amnesia
 L - a scroll of enchant weapon {unknown}
 M - 2 scrolls of identify
 O - a scroll of random uselessness {unknown}
Potions
 f - a potion of resistance {unknown}
 h - a potion of cure mutation {unknown}
 i - a potion of cancellation
 m - a potion of haste {unknown}
 p - 2 potions of lignification
 D - a potion of flight {unknown}
 F - a potion of curing {unknown}
 R - a potion of berserk rage {unknown}
 S - a potion of might {unknown}
Books
 s - a Fen Folio

   Spells                             Type                      Level
   a - Corpse Rot                     Necromancy                   2
   b - Stone Arrow                    Conjuration/Earth            3
   c - Leda's Liquefaction            Hexes/Earth                  4
   d - Summon Forest                  Summoning/Translocation      5
   e - Hydra Form                     Transmutation                6
   f - Summon Hydra                   Summoning                    7
   Trog disapproves of the use of such an item.
 t - a book of Clouds

   Spells                             Type                      Level
   a - Mephitic Cloud                 Conjuration/Poison/Air       3
   b - Conjure Flame                  Conjuration/Fire             3
   c - Poisonous Cloud                Conjuration/Poison/Air       6
   d - Freezing Cloud                 Conjuration/Ice/Air          6
   e - Ring of Flames                 Charms/Fire                  7
   Trog disapproves of the use of such an item.
 N - a book of Enchantments

   Spells                             Type                      Level
   a - Cause Fear                     Hexes                        4
   b - Silence                        Hexes/Air                    5
   c - Deflect Missiles               Charms/Air                   6
   d - Haste                          Charms                       6
   e - Discord                        Hexes                        8
   Trog disapproves of the use of such an item.
Miscellaneous
 G - a stone of tremors
Comestibles
 b - 13 chunks of flesh
 c - 2 bread rations
 k - 2 meat rations


   Skills:
 - Level 9.0(8.5) Fighting
 + Level 20.0(19.5) Axes
 - Level 6.3(5.9) Armour
 - Level 1.5(1.2) Dodging


You had 11 spell levels left.
You didn't know any spells.

Dungeon Overview and Level Annotations

Branches:
Dungeon (13/15)               Orc (4/4) D:11
 Temple: D:4-7         Lair: D:8-11         Elf: Orc:3-4     Vaults: D:13-14

Altars:
Ashenzari
Dithmenos
Gozag
Kikubaaqudgha
Okawaru
The Shining One
Beogh

Shops:
D:11 (   D:12 }   Orc:4 *=

Annotations:
Orc:3 Snorg


Innate Abilities, Weirdness & Mutations

You are partially covered in thin metallic scales (AC +2).


Message History

You slice the orc knight!!
The orc knight is almost dead.
You hit the orc knight.
The orc knight is almost dead.
You hit the orc knight but do no damage.
The orc knight is heavily wounded.
You kill the orc knight!
Trog accepts your kill.
Your base Axes skill increases to level 20!
You have reached level 12!
Your experience leads to an increase in your attributes!
Your base attributes are Str 22, Int 9, Dex 10.
Increase (S)trength, (I)ntelligence, or (D)exterity?
You feel clever.
You hit the orc knight.
The orc knight is almost dead.
You hit the orc knight.
The orc knight is heavily wounded.
The orc knight hits you with a great sword!
You die...

....... .#. .......
.#.. ....... ....
..#.#.. ##.. ...#...
##.... ##....#
#.....##.....##
P.....).<..$..#
P.....)@o.....#
.......o.....#..
P...............
........∩......#..#.#
#....P8...o..P###...#
#......P.....# ....
.##...........# ..#
.............##
......oo.P....#


You could see an orc warlord and 2 orc knights.

Vanquished Creatures
  2 hydras
  An orc high priest (D:10)
  A skeletal warrior (D:10)
  An unseen horror (D:10)
  A hill giant (D:10)
  2 orc knights
  Maurice (Orc:1)
  A molten gargoyle (D:12)
  The ghost of kguciosek the Shield-Bearer, a novice MiFi of Okawaru (D:5)
  A gargoyle (D:10)
  5 trolls
  A fire drake (Orc:3)
  A flying skull (Volcano)
  A trapdoor spider (D:9)
  2 vampires (Volcano)
  2 hippogriffs
  A warg (Orc:2)
  A water moccasin (D:11)
  Edmund (D:5)
  2 soldier ants
  4 ogres
  15 orc warriors
  3 sky beasts
  3 centaurs
  A gnoll sergeant (D:11)
  4 giant frogs
  A wyvern skeleton (D:12)
  A big kobold (D:7)
  3 scorpions
  5 wights (D:3)
  2 hounds
  A centaur skeleton (D:11)
  A giant frog zombie (D:12)
  3 jellies
  6 crimson imps
  16 orc wizards
  2 giant frog skeletons
  15 orc priests
  2 worker ants
  Natasha (D:4)
  2 hound skeletons
  5 gnolls (D:12)
  2 adders
  2 adder zombies (D:6)
  2 giant geckos
  125 orcs
  A bat (D:3)
  A giant cockroach (D:3)
  2 goblins (D:2)
  2 hobgoblins
  9 kobolds
  A quokka (D:3)
  A giant newt (D:2)
  4 jackals (D:6)
  A quokka skeleton (D:7)
  A quokka zombie (D:3)
  A fungus (Orc:4)
280 creatures vanquished.

Vanquished Creatures (others)
  A vampire (Volcano)
  A fungus (Orc:4)
2 creatures vanquished.

Grand Total: 282 creatures vanquished

Notes
Turn   | Place    | Note
--------------------------------------------------------------
     0 | D:1      | brucemayne the Hill Orc Berserker began the quest for the Orb.
     0 | D:1      | Reached XP level 1. HP: 19/19 MP: 1/1
    93 | D:3      | Noticed a wight
   118 | D:3      | Reached XP level 2. HP: 19/26 MP: 2/2
   122 | D:3      | Killed a wight
   122 | D:3      | Reached skill level 6 in Axes
   122 | D:3      | Reached XP level 3. HP: 22/31 MP: 3/3
   188 | D:3      | Noticed a wight
   191 | D:3      | Noticed a wight
   192 | D:3      | Noticed a wight
   199 | D:3      | Killed a wight
   199 | D:3      | Reached XP level 4. HP: 39/39 MP: 4/4
   202 | D:3      | Noticed a wight
   205 | D:3      | Killed a wight
   205 | D:3      | Reached skill level 7 in Axes
   205 | D:3      | Reached XP level 5. HP: 36/45 MP: 5/5
   207 | D:3      | Killed a wight
   209 | D:3      | Killed a wight
   209 | D:3      | Reached skill level 8 in Axes
   234 | D:2      | Found an ancient bone altar of Kikubaaqudgha.
   321 | D:4      | Reached XP level 6. HP: 21/51 MP: 6/6
   323 | D:4      | Found a shattered altar of Ashenzari.
   326 | D:4      | Found a glowing golden altar of the Shining One.
   329 | D:4      | Found an iron altar of Okawaru.
   332 | D:4      | Got a dazzling hand axe
   334 | D:4      | Identified the +8 hand axe "Rumiw" {flame, rElec Str+2 Stlth+} (You found it on level 4 of the Dungeon)
   359 | D:4      | Noticed Natasha
   371 | D:4      | Killed Natasha
   438 | D:5      | Entered Level 5 of the Dungeon
   449 | D:5      | Noticed kguciosek's ghost (novice MiFi)
   456 | D:5      | Noticed Edmund
   460 | D:5      | Killed kguciosek's ghost
   460 | D:5      | Reached skill level 10 in Axes
   460 | D:5      | Reached XP level 7. HP: 42/57 MP: 7/7
   465 | D:5      | Killed Edmund
   465 | D:5      | Reached skill level 11 in Axes
   620 | D:6      | Found an opulent altar of Gozag.
   645 | D:6      | Reached XP level 8. HP: 24/64 MP: 8/8
   670 | D:6      | Reached ** piety under Trog
   806 | D:7      | Reached skill level 12 in Axes
   926 | D:8      | Reached skill level 5 in Armour
  1042 | D:9      | Got a translucent trident
  1057 | D:9      | Noticed a troll
  1063 | D:9      | Killed a troll
  1076 | D:9      | Reached XP level 9. HP: 43/70 MP: 9/9
  1108 | D:9      | Reached skill level 13 in Axes
  1233 | D:10     | Entered Level 10 of the Dungeon
  1347 | D:10     | Noticed a hill giant
  1360 | D:10     | Killed a hill giant
  1396 | D:10     | Noticed an orc knight
  1416 | D:10     | Killed an orc knight
  1416 | D:10     | Reached skill level 14 in Axes
  1456 | D:10     | Noticed a five-headed hydra
  1469 | D:10     | Killed a one-headed hydra
  1469 | D:10     | Reached XP level 10. HP: 50/90 MP: 10/10
  1501 | D:10     | Noticed a skeletal warrior
  1523 | D:10     | Killed a skeletal warrior
  1523 | D:10     | Reached skill level 15 in Axes
  1577 | D:10     | Noticed an orc high priest
  1581 | D:10     | Noticed a gargoyle
  1589 | D:10     | Killed a gargoyle
  1596 | D:10     | Noticed an unseen horror
  1603 | D:10     | Killed an unseen horror
  1622 | D:10     | Reached skill level 16 in Axes
  1637 | D:10     | Noticed a rust devil
  1637 | D:10     | Noticed a soul eater
  1640 | D:10     | Killed an orc high priest
  1709 | D:10     | Found a shadowy altar of Dithmenos.
  1843 | D:12     | Reached skill level 17 in Axes
  1892 | D:11     | Found Vunaaruyza's Weapon Emporium.
  1940 | D:11     | Reached XP level 11. HP: 89/97 MP: 11/11
  2141 | D:12     | Noticed a five-headed hydra
  2158 | D:12     | Killed a one-headed hydra
  2392 | D:12     | Reached *** piety under Trog
  2468 | D:13     | Gained mutation: You are partially covered in thin metallic scales (AC +2). [mutagenic meat]
  2483 | D:12     | Found Lequat's Gadget Shoppe.
  2509 | D:12     | Noticed a molten gargoyle
  2527 | D:12     | Killed a molten gargoyle
  2527 | D:12     | Reached skill level 18 in Axes
  2768 | D:11     | Found a staircase to the Orcish Mines.
  2783 | Orc:1    | Entered Level 1 of the Orcish Mines
  2783 | Orc:1    | Noticed Maurice
  2792 | Orc:1    | Killed Maurice
  2902 | Orc:3    | Reached **** piety under Trog
  3096 | Orc:4    | Entered Level 4 of the Orcish Mines
  3096 | Orc:4    | Found Luobis's Jewellery Emporium.
  3096 | Orc:4    | Noticed an orc knight
  3096 | Orc:4    | Noticed an orc warlord
  3096 | Orc:4    | Noticed an orc knight
  3099 | Orc:4    | Noticed an orc knight
  3102 | Orc:4    | Noticed an orc high priest
  3102 | Orc:4    | Noticed an orc high priest
  3195 | Orc:2    | Reached skill level 19 in Axes
  3414 | Orc:3    | Reached ***** piety under Trog
  3517 | Orc:3    | Found a dark tunnel.
  3523 | Volcano  | Entered a volcano
  3751 | Orc:4    | Found Laped's General Store.
  3751 | Orc:4    | Noticed an orc knight
  3800 | Orc:2    | Received a gift from Trog
  3896 | Orc:1    | Received a gift from Trog
  3926 | Orc:1    | Found a roughly hewn altar of Beogh.
  4030 | Orc:2    | Received a gift from Trog
  4086 | Orc:3    | Noticed Snorg
  4100 | Orc:4    | Killed an orc knight
  4100 | Orc:4    | Reached skill level 20 in Axes
  4100 | Orc:4    | Reached XP level 12. HP: 15/104 MP: 12/12
  4101 | Orc:4    | Slain by an orc knight

Vault maps used:
D:1:      minmay_arrival_five_plusses, minivault_25
D:2:      nicolae_overflow_hidden_temple, cheibriados_altar_wand_db,
          uniq_sigmund
D:4:      grunt_temple_overflow_diamond, old_standard_altar, temple_green,
          first_bread, okawaru_altar_gauntlet_db, uniq_menkaure, uniq_natasha
D:5:      lemuel_doored_altar, serial_shops, nicolae_shop_trees, minivault_27,
          hangedman_abyss_or_decor_lesser_grid, uniq_duvessa, uniq_edmund
D:6:      lemuel_crystal_altar, vehumet_statue, portal_sewer_entry_b,
          minmay_item_behind_shaft, minmay_misc_feat_pillars
D:8:      minitemple, minmay_lair_entry_lava, hangedman_decor_diamond_cutter,
          hangedman_ranch
D:10:     basic_altar, serial_shops, shop_fountains, minmay_evil_grid
D:11:     orc_0_dummy, serial_shops, shop_fountains
D:12:     serial_shops, shop, hangedman_abyss_or_decor_jellyfish_corner
D:13:     serial_shops, kennysheep_mini, uniq_azrael
Orc:1:    minmay_orc_temple_b, uniq_maurice
Orc:2:    nicolae_orc_lost_temple
Orc:3:    enter_volcano_3, nicolae_orc_pool_cavern, uniq_snorg
Orc:4:    grunt_orc_gardens, grunt_orc_garden, grunt_orc_garden,
          grunt_orc_garden, grunt_orc_garden, special_room
Volcano:  volcano_tomb

Action                   |  1- 3 |  4- 6 |  7- 9 | 10-12 || total
-------------------------+-------+-------+-------+-------++-------
Melee: Hand axe          |    26 |    41 |   124 |   228 ||   419
       War axe           |       |       |       |   188 ||   188
Throw: Tomahawk          |     4 |       |       |     2 ||     6
Invok: Berserk           |     2 |     2 |     6 |     8 ||    18
       Trog's Hand       |       |       |     5 |     6 ||    11
 Abil: Evoke Flight      |       |       |       |     1 ||     1
  Use: Scroll            |       |       |     2 |     5 ||     7
  Eat: Chunk             |       |     2 |    10 |    17 ||    29
       Royal jelly       |       |       |       |     1 ||     1
